[Event "GER-ch Youth U10w 2019"]
[Site "Willingen"]
[Date "2019.06.11"]
[Round "5.4"]
[White "Moldovan, Tatiana"]
[Black "Czaeczine, Paula"]
[Result "1/2-1/2"]
[ECO "C77"]
[WhiteElo "1269"]
[BlackElo "1170"]
[Annotator "NA"]
[PlyCount "128"]
[EventDate "2019.06.07"]
[EventType "swiss"]
[EventRounds "11"]
[EventCountry "GER"]
[SourceTitle "playchess.com"]
[Source "ChessBase"]
[SourceQuality "1"]
[TimeControl "40/4500+30:900+30"]

1. e4 e5 2. Nf3 Nc6 3. Bb5 a6 4. Ba4 Nf6 5. d4 b5 6. Bb3 exd4 7. O-O Nxe4 8. Re1 d5 9. Nxd4 Nxd4 10. Qxd4 Be6 11. Bxd5 Qxd5 12. Qxd5 Bxd5 13. f3 Bc5+ 14. Be3 Bd6 15. fxe4 Bxe4 16. Bf2 f5 17. Nd2 O-O 18. Nxe4 fxe4 19. g3 Rae8 20. Re2 Rf7 21. Rae1 Ref8 22. Bd4 c5 23. Bc3 b4 24. Bd2 Be5 25. Rxe4 Bxb2 26. Be3 Bc3 27. Rd1 Rf5 28. g4 Re5 29. Rxe5 Bxe5 30. Bxc5 Rc8 31. Bxb4 Rxc2 32. h4 Rxa2 33. Rd8+ Kf7 34. Rf8+ Ke6 35. Re8+ Kd5 36. Rc8 Ra4 37. Rd8+ Kc4 38. Be7 Kb3 39. Kf1 Rxg4 40. Rd3+ Bc3 41. Bd8 Rd4 42. Rxd4 Bxd4 43. Kg2 Kb4 44. Kf3 a5 45. Bxa5+ Kxa5 46. Kg4 Kb5 47. h5 Kc6 48. Kg5 Kd6 49. Kf5 Ke7 50. h6 gxh6 51. Kg4 Kf6 52. Kf4 Kg6 53. Kg4 h5+ 54. Kh4 Bf6+ 55. Kh3 Kg5 56. Kg3 h4+ 57. Kh3 h5 58. Kg2 Kg4 59. Kh2 Be5+ 60. Kg2 h3+ 61. Kg1 Kg3 62. Kh1 h4 63. Kg1 h2+ 64. Kh1 Kh3 {normal} 1/2-1/2

[Event "GER-ch Youth U10w 2019"]
[Site "Willingen"]
[Date "2019.06.11"]
[Round "5.5"]
[White "Glotz, Diana"]
[Black "Haug, Mara"]
[Result "1/2-1/2"]
[ECO "A22"]
[WhiteElo "1244"]
[BlackElo "1097"]
[Annotator "NA"]
[PlyCount "62"]
[EventDate "2019.06.07"]
[EventType "swiss"]
[EventRounds "11"]
[EventCountry "GER"]
[SourceTitle "playchess.com"]
[Source "ChessBase"]
[SourceQuality "1"]
[TimeControl "40/4500+30:900+30"]

1. c4 e5 2. Nc3 Nf6 3. g3 d5 4. cxd5 Nxd5 5. Bg2 Nb6 6. e3 Nc6 7. a3 Be7 8. Nge2 O-O 9. O-O Be6 10. d4 Rb8 11. d5 Nxd5 12. Nxd5 Qd7 13. e4 Rbd8 14. Be3 f5 15. Nec3 fxe4 16. Bxe4 Bf5 17. Bg2 Kh8 18. b4 Qe6 19. Ra2 Rd7 20. Rd2 Rfd8 21. h3 e4 22. f3 exf3 23. Bxf3 Bf6 24. Bg4 Bxc3 25. Bxf5 Qe8 26. Nxc3 Qxe3+ 27. Kh1 Rxd2 28. Qh5 Qh6 29. Qf7 {normal} Qd6 30. Ne4 Qd5 {[%emt 0:02:02] normal} 31. Qh5 g6 {[%emt 0:00:40] normal} 1/2-1/2

[Event "GER-ch Youth U10w 2019"]
[Site "Willingen"]
[Date "2019.06.11"]
[Round "5.6"]
[White "Bangiev, Katharina"]
[Black "Vöcking, Julia"]
[Result "1-0"]
[ECO "A04"]
[WhiteElo "1003"]
[BlackElo "812"]
[Annotator "NA"]
[PlyCount "72"]
[EventDate "2019.06.07"]
[EventType "swiss"]
[EventRounds "11"]
[EventCountry "GER"]
[SourceTitle "playchess.com"]
[Source "ChessBase"]
[SourceQuality "1"]
[TimeControl "40/4500+30:900+30"]

1. Nf3 f5 2. g3 g6 3. Bg2 Nf6 4. O-O Bg7 5. d3 O-O 6. Nc3 Nc6 7. e4 d6 8. Be3 e5 9. Qd2 d5 10. exd5 Nxd5 11. Nxd5 Qxd5 12. c4 Qa5 13. Qxa5 Nxa5 14. b4 Nc6 15. b5 Nd4 16. Nxd4 exd4 17. Bf4 c5 18. Bd6 Re8 19. Bxc5 Bd7 20. Bxb7 Rab8 21. Bd5+ Be6 22. Bxe6+ Rxe6 23. Bxa7 Rbe8 24. b6 Be5 25. b7 Bc7 26. Rab1 Re2 27. b8=Q Bxb8 28. Rxb8 Rxb8 29. Bxb8 Kf7 30. Ra1 h5 31. a4 g5 32. a5 h4 33. a6 h3 34. a7 Kg6 35. a8=Q g4 36. Qa6+ Kh5 {[%emt 0:00:23] normal} 1-0

[Event "GER-ch Youth U10w 2019"]
[Site "Willingen"]
[Date "2019.06.12"]
[Round "6.1"]
[White "Mirnaya, Veronika"]
[Black "Bangiev, Katharina"]
[Result "1-0"]
[ECO "B06"]
[WhiteElo "1237"]
[BlackElo "1003"]
[Annotator "NA"]
[PlyCount "72"]
[EventDate "2019.06.07"]
[EventType "swiss"]
[EventRounds "11"]
[EventCountry "GER"]
[SourceTitle "playchess.com"]
[Source "ChessBase"]
[SourceQuality "1"]
[TimeControl "40/4500+30:900+30"]

1. e4 d6 2. d4 g6 3. Nc3 Bg7 4. Be3 Nf6 5. f3 O-O 6. Qd2 Nc6 7. O-O-O e5 8. d5 Ne7 9. Bh6 Qd7 10. h4 Rd8 11. Bxg7 Kxg7 12. h5 Nxh5 13. g4 Nf4 14. Qh2 Rh8 15. Nce2 Nxe2+ 16. Bxe2 c6 17. Nh3 f6 18. g5 f5 19. exf5 Nxf5 20. Bd3 cxd5 21. Bxf5 Qxf5 22. Qg2 d4 23. Nf2 d5 24. Qg3 Be6 25. Qh4 Qxf3 26. Qh6+ Kf7 27. Nd3 Qe3+ 28. Kb1 Rag8 29. Rde1 Qg3 30. Rhf1+ Ke7 31. Rxe5 Kd6 32. Rf6 Re8 33. Qg7 Qg1+ 34. Re1 Qxg5 35. Ref1 Rb8 36. Qf7 Rhe8 {[%emt 0:03:42] normal} 1-0

[Event "GER-ch Youth U10w 2019"]
[Site "Willingen"]
[Date "2019.06.12"]
[Round "6.2"]
[White "Sickmann, Lisa"]
[Black "Wartenberg, Alissa"]
[Result "0-1"]
[ECO "C55"]
[WhiteElo "1418"]
[BlackElo "1291"]
[Annotator "NA"]
[PlyCount "65"]
[EventDate "2019.06.07"]
[EventType "swiss"]
[EventRounds "11"]
[EventCountry "GER"]
[SourceTitle "playchess.com"]
[Source "ChessBase"]
[SourceQuality "1"]
[TimeControl "40/4500+30:900+30"]

1. e4 e5 2. Nf3 Nc6 3. Bc4 Nf6 4. d3 Bd6 5. c3 O-O 6. O-O Re8 7. Re1 Bf8 8. Nbd2 d5 9. exd5 Nxd5 10. d4 Bg4 11. h3 Bh5 12. g4 Bg6 13. Nxe5 Nxe5 14. dxe5 Nf4 15. Bf1 Bc5 16. Nf3 Nd3 17. Bxd3 Bxd3 18. Be3 Bf8 19. Bd4 Bb5 20. Qc2 Bc6 21. Qe2 Qd5 22. Kg2 Re6 23. Red1 Rae8 24. Qd3 Bb5 25. Qf5 Bd7 26. Qf4 Be7 27. Bxa7 Qc6 28. Bd4 f6 29. exf6 Bxf6 30. Bxf6 Rxf6 31. Qg3 Ref8 {[%emt 0:01:55] normal} 32. Rd3 b6 33. Re1 {[%emt 0:01:29] normal} 0-1

[Event "GER-ch Youth U10w 2019"]
[Site "Willingen"]
[Date "2019.06.12"]
[Round "6.3"]
[White "Glotz, Diana"]
[Black "Oellrich, Emma"]
[Result "1-0"]
[ECO "A25"]
[WhiteElo "1244"]
[BlackElo "1484"]
[Annotator "NA"]
[PlyCount "34"]
[EventDate "2019.06.07"]
[EventType "swiss"]
[EventRounds "11"]
[EventCountry "GER"]
[SourceTitle "playchess.com"]
[Source "ChessBase"]
[SourceQuality "1"]
[TimeControl "40/4500+30:900+30"]

1. c4 e5 2. Nc3 Nc6 3. g3 f5 4. Bg2 Nf6 5. d3 Bb4 6. Bg5 Bxc3+ 7. bxc3 O-O 8. Bxf6 Qxf6 9. Qd2 f4 10. Nf3 Re8 11. O-O fxg3 12. fxg3 Qe7 13. Rab1 e4 14. dxe4 Qxe4 15. Ng5 Qe7 16. Bd5+ Kh8 17. Nf7+ Kg8 {[%emt 0:00:10] normal} 1-0

[Event "GER-ch Youth U10w 2019"]
[Site "Willingen"]
[Date "2019.06.12"]
[Round "6.4"]
[White "Proettel, Ela"]
[Black "Moldovan, Tatiana"]
[Result "0-1"]
[ECO "E10"]
[WhiteElo "1333"]
[BlackElo "1269"]
[Annotator "NA"]
[PlyCount "99"]
[EventDate "2019.06.07"]
[EventType "swiss"]
[EventRounds "11"]
[EventCountry "GER"]
[SourceTitle "playchess.com"]
[Source "ChessBase"]
[SourceQuality "1"]
[TimeControl "40/4500+30:900+30"]

1. d4 Nf6 2. c4 e6 3. Nf3 c5 4. d5 exd5 5. cxd5 b6 6. Nc3 Bb7 7. e4 d6 8. Bb5+ Nbd7 9. Bxd7+ Qxd7 10. Qd3 Be7 11. O-O O-O 12. Bg5 Ne8 13. Bxe7 Qxe7 14. Rfe1 f6 15. Rac1 Rc8 16. a4 Nc7 17. Qc4 Kh8 18. Qb3 Rb8 19. Nh4 Qf7 20. Nf5 Rfd8 21. f4 Qe8 22. Rcd1 Bc8 23. Nb5 Nxb5 24. axb5 Bxf5 25. exf5 Qd7 26. Re6 Re8 27. Rde1 Red8 28. Re7 Qxf5 29. Qe3 Qxd5 30. Re8+ Rxe8 31. Qxe8+ Rxe8 32. Rxe8+ Qg8 33. Rxg8+ Kxg8 34. Kf2 Kf7 35. f5 g6 36. g4 gxf5 37. gxf5 Ke7 38. Kg3 Kf7 39. h4 h5 40. Kf4 d5 41. Ke3 Ke7 42. b3 Kd6 43. Kf4 c4 44. b4 c3 45. Ke3 d4+ 46. Kd3 Kd5 47. Kc2 Kc4 48. Kc1 Kb3 49. Kb1 d3 50. Kc1 {[%emt 0:00:41] normal} 0-1

[Event "GER-ch Youth U10w 2019"]
[Site "Willingen"]
[Date "2019.06.12"]
[Round "6.5"]
[White "Czaeczine, Paula"]
[Black "Lichtenegger, Katharina"]
[Result "0-1"]
[ECO "C45"]
[WhiteElo "1170"]
[BlackElo "1238"]
[Annotator "NA"]
[PlyCount "61"]
[EventDate "2019.06.07"]
[EventType "swiss"]
[EventRounds "11"]
[EventCountry "GER"]
[SourceTitle "playchess.com"]
[Source "ChessBase"]
[SourceQuality "1"]
[TimeControl "40/4500+30:900+30"]

1. e4 e5 2. Nf3 Nc6 3. d4 exd4 4. Nxd4 Nf6 5. Nxc6 bxc6 6. e5 Qe7 7. Qe2 Nd5 8. c4 Ba6 9. b3 g6 10. f4 Bg7 11. Qf2 Nb6 12. Be2 d6 13. c5 Bxe2 14. cxb6 Ba6 15. Qf3 Bb7 16. O-O O-O 17. Bb2 dxe5 18. fxe5 Bxe5 19. Ba3 Qh4 20. h3 Bxa1 21. Bxf8 Rxf8 22. bxc7 Qe7 23. Nd2 Bd4+ 24. Kh1 Qxc7 25. Ne4 c5 26. Qd3 Qc6 27. Re1 f5 28. Qc4+ Kg7 29. Qe2 fxe4 {[%emt 0:00:58] normal} 30. Qg4 {[%emt 0:01:46] normal} Qf6 31. Qd7+ {[%emt 0:00:21] normal} 0-1

[Event "GER-ch Youth U10w 2019"]
[Site "Willingen"]
[Date "2019.06.12"]
[Round "6.6"]
[White "Bako, Isabella"]
[Black "Haug, Mara"]
[Result "0-1"]
[ECO "C44"]
[WhiteElo "1215"]
[BlackElo "1097"]
[Annotator "NA"]
[PlyCount "87"]
[EventDate "2019.06.07"]
[EventType "swiss"]
[EventRounds "11"]
[EventCountry "GER"]
[SourceTitle "playchess.com"]
[Source "ChessBase"]
[SourceQuality "1"]
[TimeControl "40/4500+30:900+30"]

1. e4 e5 2. Nf3 Nc6 3. d4 exd4 4. c3 dxc3 5. Bc4 Qf6 6. Nxc3 Bc5 7. Bg5 Qd6 8. O-O Nf6 9. e5 Nxe5 10. Re1 Nfg4 11. Ne4 Nxf3+ 12. Kf1 Ngxh2+ 13. Ke2 Nd4+ 14. Kd3 Qg6 15. Kc3 O-O 16. Nxc5 Qxg5 17. Qxd4 d6 18. Ne4 Qa5+ 19. Kc2 Qa4+ 20. Kd3 Bf5 21. Re3 b5 22. Bxf7+ Rxf7 23. Qxa4 bxa4 24. Rh1 Ng4 25. Rf3 Bxe4+ 26. Kxe4 Rxf3 27. Kxf3 Ne5+ 28. Ke4 Rb8 29. Rc1 c6 30. f4 Rb4+ 31. Kf5 g6+ 32. Kf6 Rxf4+ 33. Ke6 Rd4 34. Rf1 Rd2 35. Rf4 a3 36. bxa3 Rxa2 37. Ra4 c5 38. Kxd6 Nd3 39. Rxa7 c4 40. Rc7 Rxa3 41. Rxc4 Ra2 42. g4 Rg2 {[%emt 0:00:41] normal} 43. Ke6 Kg7 44. Rd4 {[%emt 0:00:40] normal} 0-1

[Event "GER-ch Youth U10w 2019"]
[Site "Willingen"]
[Date "2019.06.12"]
[Round "7.1"]
[White "Haug, Mara"]
[Black "Mirnaya, Veronika"]
[Result "0-1"]
[ECO "A22"]
[WhiteElo "1097"]
[BlackElo "1237"]
[Annotator "NA"]
[PlyCount "113"]
[EventDate "2019.06.07"]
[EventType "swiss"]
[EventRounds "11"]
[EventCountry "GER"]
[SourceTitle "playchess.com"]
[Source "ChessBase"]
[SourceQuality "1"]
[TimeControl "40/4500+30:900+30"]

1. c4 e5 2. Nc3 Nf6 3. g3 Bc5 4. Bg2 O-O 5. Nf3 Re8 6. d3 h6 7. O-O c6 8. e3 d5 9. cxd5 cxd5 10. e4 d4 11. Na4 Nbd7 12. Bd2 Bf8 13. b3 b5 14. Nb2 Ba3 15. Qc2 Bb7 16. b4 Rc8 17. Qb3 Bxb2 18. Qxb2 Nb6 19. Rac1 Qd6 20. Rxc8 Rxc8 21. Rc1 Bc6 22. Qa3 Na4 23. Qb3 Nd7 24. Bh3 Bb7 25. Rxc8+ Bxc8 26. Qc2 Nab6 27. Be1 f6 28. Qb3+ Kh8 29. Qf7 Qf8 30. Qxf8+ Nxf8 31. Bxc8 Nxc8 32. Kf1 Kg8 33. h4 Kf7 34. g4 Ke7 35. Bd2 Kd7 36. g5 fxg5 37. hxg5 hxg5 38. Bxg5 Ke6 39. Kg2 Ng6 40. Kg3 Nce7 41. Bxe7 Kxe7 42. Ng5 Nf4 43. Nf3 Nxd3 44. Kg2 Nf4+ 45. Kf1 Kf6 46. Kg1 Ne2+ 47. Kg2 Nc3 48. Nd2 Nxa2 49. f3 Nxb4 50. Kf1 a5 51. Ke2 Kg5 52. Kd1 Kf4 53. Kc1 Nc6 54. Kb2 Ke3 55. Kc2 a4 56. Kc1 a3 57. Kc2 {[%emt 0:00:00] normal} 0-1

[Event "GER-ch Youth U10w 2019"]
[Site "Willingen"]
[Date "2019.06.12"]
[Round "7.2"]
[White "Moldovan, Tatiana"]
[Black "Wartenberg, Alissa"]
[Result "0-1"]
[ECO "C77"]
[WhiteElo "1269"]
[BlackElo "1291"]
[Annotator "NA"]
[PlyCount "61"]
[EventDate "2019.06.07"]
[EventType "swiss"]
[EventRounds "11"]
[EventCountry "GER"]
[SourceTitle "playchess.com"]
[Source "ChessBase"]
[SourceQuality "1"]
[TimeControl "40/4500+30:900+30"]

1. e4 e5 2. Nf3 Nc6 3. Bb5 a6 4. Ba4 Nf6 5. d4 exd4 6. O-O Be7 7. e5 Ne4 8. Re1 Nc5 9. Bb3 Nxb3 10. axb3 O-O 11. Nxd4 Nxd4 12. Qxd4 Re8 13. Bd2 d6 14. Bc3 f6 15. exf6 Bxf6 16. Rxe8+ Qxe8 17. Qd2 Bxc3 18. Nxc3 Qg6 19. Re1 Bh3 20. g3 c6 21. Ne2 d5 22. Nf4 Qh6 23. Qe2 a5 24. Nxh3 Qxh3 25. g4 h6 26. Rd1 Rf8 27. c4 Qxb3 28. cxd5 cxd5 29. Qe6+ Kh8 30. Qxd5 Qxb2 31. Rf1 {[%emt 0:00:48] normal} 0-1

[Event "GER-ch Youth U10w 2019"]
[Site "Willingen"]
[Date "2019.06.12"]
[Round "7.3"]
[White "Lichtenegger, Katharina"]
[Black "Glotz, Diana"]
[Result "0-1"]
[ECO "C54"]
[WhiteElo "1238"]
[BlackElo "1244"]
[Annotator "NA"]
[PlyCount "72"]
[EventDate "2019.06.07"]
[EventType "swiss"]
[EventRounds "11"]
[EventCountry "GER"]
[SourceTitle "playchess.com"]
[Source "ChessBase"]
[SourceQuality "1"]
[TimeControl "40/4500+30:900+30"]

1. e4 e5 2. Nf3 Nc6 3. Bc4 Bc5 4. c3 Nf6 5. d3 h6 6. O-O O-O 7. Nbd2 d6 8. a4 a6 9. Re1 Ng4 10. Re2 Qe7 11. h3 Nf6 12. Nf1 Bd7 13. Ng3 Rfe8 14. Be3 Bxe3 15. Rxe3 Na5 16. Bb3 c5 17. Nd2 Rac8 18. Nc4 Nxc4 19. Bxc4 b5 20. Bb3 c4 21. dxc4 bxc4 22. Bc2 Rb8 23. Rb1 Be6 24. Nh5 Red8 25. Qf3 d5 26. Nxf6+ Qxf6 27. Qg3 d4 28. cxd4 exd4 29. Rf3 Qg5 30. Qxg5 hxg5 31. Rg3 f6 32. b4 d3 33. Bd1 a5 34. b5 Rbc8 35. Bg4 Bxg4 36. hxg4 d2 {[%emt 0:00:17] normal} 0-1

[Event "GER-ch Youth U10w 2019"]
[Site "Willingen"]
[Date "2019.06.12"]
[Round "7.4"]
[White "Oellrich, Emma"]
[Black "Jannicke, Svea"]
[Result "1-0"]
[ECO "B90"]
[WhiteElo "1484"]
[BlackElo "1062"]
[Annotator "NA"]
[PlyCount "66"]
[EventDate "2019.06.07"]
[EventType "swiss"]
[EventRounds "11"]
[EventCountry "GER"]
[SourceTitle "playchess.com"]
[Source "ChessBase"]
[SourceQuality "1"]
[TimeControl "40/4500+30:900+30"]

1. e4 c5 2. Nf3 d6 3. d4 cxd4 4. Nxd4 Nf6 5. Nc3 a6 6. f3 g6 7. Be3 Bg7 8. Qd2 Nbd7 9. O-O-O O-O 10. Bc4 b5 11. Bb3 Bb7 12. g4 Qc7 13. h4 b4 14. Na4 a5 15. h5 Nc5 16. hxg6 Nxb3+ 17. axb3 fxg6 18. Ne6 Qc6 19. Nxf8 Rxf8 20. Bh6 Rc8 21. Bxg7 Kxg7 22. Rh2 Nd7 23. Qh6+ Kf7 24. Qxh7+ Ke8 25. Qxg6+ Kd8 26. Rh8+ Kc7 27. Rxc8+ Bxc8 28. Qe6 Ba6 29. Re1 Bd3 30. Nc3 bxc3 31. cxd3 cxb2+ 32. Kxb2 a4 33. Rc1 Nc5 {normal} 1-0

[Event "GER-ch Youth U10w 2019"]
[Site "Willingen"]
[Date "2019.06.12"]
[Round "7.5"]
[White "Bangiev, Katharina"]
[Black "Sickmann, Lisa"]
[Result "1-0"]
[ECO "A06"]
[WhiteElo "1003"]
[BlackElo "1418"]
[Annotator "NA"]
[PlyCount "68"]
[EventDate "2019.06.07"]
[EventType "swiss"]
[EventRounds "11"]
[EventCountry "GER"]
[SourceTitle "playchess.com"]
[Source "ChessBase"]
[SourceQuality "1"]
[TimeControl "40/4500+30:900+30"]

1. Nf3 d5 2. g3 Nf6 3. Bg2 c6 4. O-O g6 5. d3 Bg7 6. Nc3 O-O 7. e4 dxe4 8. dxe4 Be6 9. Be3 h6 10. Qc1 Kh7 11. Rd1 Nbd7 12. Nd4 Bc4 13. f4 Ng4 14. e5 Nxe3 15. Qxe3 f5 16. b3 Bg8 17. Nf3 Qb6 18. Qxb6 Nxb6 19. Rd3 Rfd8 20. Rad1 Rxd3 21. Rxd3 Be6 22. Nd4 Bf7 23. Na4 Nxa4 24. bxa4 Bxa2 25. Nb3 Bxb3 26. Rxb3 Rb8 27. Bxc6 b6 28. a5 Kg8 29. axb6 Rxb6 30. Bd5+ Kf8 31. Rc3 Rb8 32. Rc7 Rd8 33. c4 a5 34. Ra7 e6 {[%emt 0:00:33] normal} 1-0

[Event "GER-ch Youth U10w 2019"]
[Site "Willingen"]
[Date "2019.06.12"]
[Round "7.6"]
[White "Trunz, Tamila"]
[Black "Moradi, Yassaman"]
[Result "1-0"]
[ECO "B23"]
[WhiteElo "1273"]
[BlackElo "1174"]
[Annotator "NA"]
[PlyCount "50"]
[EventDate "2019.06.07"]
[EventType "swiss"]
[EventRounds "11"]
[EventCountry "GER"]
[SourceTitle "playchess.com"]
[Source "ChessBase"]
[SourceQuality "1"]
[TimeControl "40/4500+30:900+30"]

1. e4 c5 2. Nc3 d6 3. f4 e5 4. Bb5+ Bd7 5. Bxd7+ Nxd7 6. d3 Ngf6 7. Nf3 Be7 8. O-O O-O 9. Qe1 a6 10. Qg3 b5 11. fxe5 dxe5 12. Bh6 Ne8 13. Nd5 Ndf6 14. Nxe7+ Qxe7 15. Nxe5 Nh5 16. Qg4 Qxe5 17. Rf5 Nhf6 18. Qg5 Qxb2 19. Raf1 Kh8 20. Rxf6 gxf6 21. Qd5 Nc7 22. Qxc5 Rfc8 23. Qe7 Rg8 24. Qxc7 Rac8 25. Qxf7 Rxc2 {[%emt 0:00:12] normal} 1-0

[Event "GER-ch Youth U10w 2019"]
[Site "Willingen"]
[Date "2019.06.13"]
[Round "8.1"]
[White "Wartenberg, Alissa"]
[Black "Glotz, Diana"]
[Result "1-0"]
[ECO "B01"]
[WhiteElo "1291"]
[BlackElo "1244"]
[Annotator "NA"]
[PlyCount "69"]
[EventDate "2019.06.07"]
[EventType "swiss"]
[EventRounds "11"]
[EventCountry "GER"]
[SourceTitle "playchess.com"]
[Source "ChessBase"]
[SourceQuality "1"]
[TimeControl "40/4500+30:900+30"]

1. e4 d5 2. exd5 Qxd5 3. Nc3 Qd8 4. Nf3 Nf6 5. d4 c6 6. Bf4 Bg4 7. Be2 e6 8. O-O Be7 9. h3 Bh5 10. Qd2 O-O 11. Rad1 Nbd7 12. Rfe1 Nb6 13. Ne5 c5 14. Bg5 Rc8 15. Bxf6 Bxe2 16. Bxe7 Qxe7 17. Rxe2 f6 18. Nf3 Nc4 19. Qe1 Rfe8 20. b3 Nb6 21. d5 e5 22. Ne4 c4 23. Ng3 g6 24. d6 Qe6 25. a4 cxb3 26. cxb3 Red8 27. Ne4 Kg7 28. Qb4 Rd7 29. Nc5 Rxc5 30. Qxc5 Qxb3 31. Qc2 Qe6 32. Qc1 Nxa4 33. Qa3 b5 34. Rc2 Nb6 35. Rc7 {[%emt 0:00:26] normal} 1-0

[Event "GER-ch Youth U10w 2019"]
[Site "Willingen"]
[Date "2019.06.13"]
[Round "8.2"]
[White "Mirnaya, Veronika"]
[Black "Oellrich, Emma"]
[Result "1-0"]
[ECO "A40"]
[WhiteElo "1237"]
[BlackElo "1484"]
[Annotator "NA"]
[PlyCount "53"]
[EventDate "2019.06.07"]
[EventType "swiss"]
[EventRounds "11"]
[EventCountry "GER"]
[SourceTitle "playchess.com"]
[Source "ChessBase"]
[SourceQuality "1"]
[TimeControl "40/4500+30:900+30"]

1. d4 e6 2. Bf4 c5 3. e3 d5 4. c3 Nc6 5. Nf3 Nf6 6. Nbd2 cxd4 7. cxd4 Bd6 8. Bg3 O-O 9. Bd3 Re8 10. Ne5 Qc7 11. f4 Bxe5 12. dxe5 Nd7 13. O-O Qb6 14. Re1 Qxb2 15. Nf3 f6 16. exf6 Nxf6 17. Bh4 Rf8 18. Rb1 Qxa2 19. Bxf6 gxf6 20. Nh4 f5 21. g4 Kh8 22. gxf5 exf5 23. Qh5 Rg8+ 24. Kh1 d4 25. e4 fxe4 26. Bxe4 Bg4 27. Qxh7# {[%emt 0:00:21] normal} 1-0

[Event "GER-ch Youth U10w 2019"]
[Site "Willingen"]
[Date "2019.06.13"]
[Round "8.3"]
[White "Bangiev, Katharina"]
[Black "Trunz, Tamila"]
[Result "0-1"]
[ECO "A04"]
[WhiteElo "1003"]
[BlackElo "1273"]
[Annotator "NA"]
[PlyCount "120"]
[EventDate "2019.06.07"]
[EventType "swiss"]
[EventRounds "11"]
[EventCountry "GER"]
[SourceTitle "playchess.com"]
[Source "ChessBase"]
[SourceQuality "1"]
[TimeControl "40/4500+30:900+30"]

1. Nf3 c5 2. g3 d6 3. Bg2 Nc6 4. O-O g6 5. d3 Bg7 6. Nc3 e6 7. e4 Nge7 8. Be3 Nd4 9. Bxd4 cxd4 10. Ne2 Nc6 11. c3 dxc3 12. bxc3 O-O 13. d4 Rb8 14. Rb1 b5 15. a4 Qa5 16. axb5 Rxb5 17. Ra1 Qb6 18. Qd3 a5 19. Rfb1 Ba6 20. c4 Rxb1+ 21. Rxb1 Nb4 22. Qc3 Rc8 23. Nd2 Qc7 24. Qa3 d5 25. exd5 exd5 26. Bh3 Re8 27. Qf3 dxc4 28. Rc1 Bb7 29. Qf4 Qxf4 30. Nxf4 c3 31. Rxc3 Re1+ 32. Nf1 Bxd4 33. Ra3 Bb6 34. Ng2 Re2 35. Nge3 Nd5 36. Bg4 Rb2 37. Rd3 Nxe3 38. Nxe3 Rb1+ 39. Rd1 Rxd1+ 40. Bxd1 Kf8 41. Kf1 Ba6+ 42. Ke1 Bxe3 43. fxe3 Ke7 44. Kd2 Kd6 45. Kc3 Kc5 46. Bb3 f6 47. Bg8 h6 48. Kb3 Bb5 49. Kc3 a4 50. Ba2 g5 51. Be6 Kd6 52. Ba2 Ke5 53. Kd2 h5 54. Ke1 h4 55. Kf2 Ke4 56. Bb1+ Bd3 57. Ba2 a3 58. gxh4 gxh4 59. Bf7 Bb1 60. Bg6+ f5 {[%emt 0:00:00] normal} 0-1

[Event "GER-ch Youth U10w 2019"]
[Site "Willingen"]
[Date "2019.06.13"]
[Round "8.4"]
[White "Proettel, Ela"]
[Black "Lichtenegger, Katharina"]
[Result "1-0"]
[ECO "D00"]
[WhiteElo "1333"]
[BlackElo "1238"]
[Annotator "NA"]
[PlyCount "97"]
[EventDate "2019.06.07"]
[EventType "swiss"]
[EventRounds "11"]
[EventCountry "GER"]
[SourceTitle "playchess.com"]
[Source "ChessBase"]
[SourceQuality "1"]
[TimeControl "40/4500+30:900+30"]

1. d4 d5 2. Bf4 Nf6 3. e3 Bf5 4. Nf3 Nbd7 5. c4 e6 6. Nc3 c6 7. Qb3 b6 8. Be2 Ne4 9. Nxe4 Bxe4 10. O-O c5 11. Rfe1 Be7 12. Nd2 dxc4 13. Bxc4 Bc6 14. d5 exd5 15. Bxd5 Bxd5 16. Qxd5 Nf6 17. Qc6+ Nd7 18. Nc4 O-O 19. Red1 Bf6 20. Qxd7 Qxd7 21. Rxd7 Rad8 22. Rad1 Rfe8 23. Rxd8 Bxd8 24. Rd7 Bf6 25. Nd6 Rd8 26. Rxd8+ Bxd8 27. Kf1 Kf8 28. Nb5 a6 29. Nc7 a5 30. Nd5 g5 31. Bc7 Bxc7 32. Nxc7 c4 33. Nd5 b5 34. f4 g4 35. Nf6 Kg7 36. Nxg4 a4 37. Ke2 b4 38. Ne5 b3 39. a3 c3 40. Nd3 Kf6 41. bxc3 Ke7 42. Nb2 Kd6 43. e4 Kc5 44. Kf3 Kd6 45. Kg4 f6 46. Kf5 Ke7 47. e5 fxe5 48. fxe5 h5 49. c4 {[%emt 0:00:52] normal} 1-0

[Event "GER-ch Youth U10w 2019"]
[Site "Willingen"]
[Date "2019.06.13"]
[Round "8.5"]
[White "Haug, Mara"]
[Black "Moldovan, Tatiana"]
[Result "1-0"]
[ECO "B28"]
[WhiteElo "1097"]
[BlackElo "1269"]
[Annotator "NA"]
[PlyCount "71"]
[EventDate "2019.06.07"]
[EventType "swiss"]
[EventRounds "11"]
[EventCountry "GER"]
[SourceTitle "playchess.com"]
[Source "ChessBase"]
[SourceQuality "1"]
[TimeControl "40/4500+30:900+30"]

1. e4 c5 2. Nf3 a6 3. c4 Nc6 4. d4 cxd4 5. Nxd4 Nxd4 6. Qxd4 e6 7. Nc3 Ne7 8. Be2 Ng6 9. Be3 d6 10. O-O e5 11. Qd2 Be7 12. f4 exf4 13. Bxf4 O-O 14. Bg3 Re8 15. Rad1 Ne5 16. Qe3 Qc7 17. Qf2 Be6 18. Nd5 Qc5 19. Qxc5 dxc5 20. Bxe5 Rac8 21. Rf4 f6 22. Bc3 Kf8 23. e5 f5 24. g4 g6 25. gxf5 gxf5 26. Bg4 Bg5 27. Rff1 f4 28. Bxe6 Rxe6 29. Nxf4 Bxf4 30. Rxf4+ Ke7 31. Rf6 Rg8+ 32. Kf2 Rg5 33. Rd5 Rxf6+ 34. exf6+ Kf7 35. Rxg5 b6 36. Rg7+ {[%emt 0:00:14] normal} 1-0

[Event "GER-ch Youth U10w 2019"]
[Site "Willingen"]
[Date "2019.06.14"]
[Round "9.1"]
[White "Trunz, Tamila"]
[Black "Mirnaya, Veronika"]
[Result "1-0"]
[ECO "C55"]
[WhiteElo "1273"]
[BlackElo "1237"]
[Annotator "NA"]
[PlyCount "58"]
[EventDate "2019.06.07"]
[EventType "swiss"]
[EventRounds "11"]
[EventCountry "GER"]
[SourceTitle "playchess.com"]
[Source "ChessBase"]
[SourceQuality "1"]
[TimeControl "40/4500+30:900+30"]

1. e4 e5 2. Nf3 Nc6 3. d4 exd4 4. Bc4 Nf6 5. e5 d5 6. Bb5 Ne4 7. Nxd4 Bd7 8. Bxc6 bxc6 9. O-O Bc5 10. c3 O-O 11. f3 Ng5 12. f4 Ne4 13. Nd2 Bf5 14. Nxe4 Bxe4 15. Qg4 Qe7 16. Kh1 Bxd4 17. cxd4 f6 18. Bd2 Bd3 19. Rfe1 Rfe8 20. Rac1 Qe6 21. Qg3 Be4 22. Rc5 Rab8 23. b3 Rb5 24. Rc3 Qf7 25. Rxc6 Re6 26. Rec1 Rb7 27. Qg4 f5 28. Qh4 Re7 29. Ba5 h6 {[%emt 0:01:29] normal} 1-0